 Seeded DCSS version 0.30-a0-738-g116ff8c4af (webtiles) character file.

Game seed: 5430720872467839093 (custom seed)

108395 purpskrrrp the Tortoise (level 17, -1/129 HPs)
             Began as a Formicid Hunter on Feb 4, 2023.
             Was the Champion of Hepliaklqana.
             Slain by a swamp worm (16 damage)
             ... on level 3 of the Swamp.
             The game lasted 00:41:17 (18744 turns).

purpskrrrp the Tortoise (Formicid Hunter)          Turns: 18744, Time: 00:41:18

Health: -1/129     AC: 35    Str: 28    XL:     17   Next: 4%
Magic:  15/17      EV: 10    Int:  9    God:    Hepliaklqana [******]
Gold:   2351       SH: 18    Dex: 26    Spells: 16/16 levels left

rFire   + + .      SeeInvis +    q - +6 hand crossbow "Aseeli Fiyse" {penet, Fragile rElec rN+}
rCold   + . .      Faith    .    O - +3 buckler {rC+ rF+}
rNeg    + . .      Spirit   .    s - +9 plate armour "Xeniv Bonyc" {Will+ Str+4 Dex+3}
rPois   +          Reflect  +    (helmet unavailable)
rElec   +          Harm     +    z - scarf {harm}
rCorr   .          Rampage  .    o - +3 Mad Mage's Maulers {Infuse+∞ VampMP -Cast}
Will    ++...      NoCast   +    C - +2 pair of boots {rF+} Stlth
                                 a - amulet of reflection
HPRegen 0.41/turn                c - ring of poison resistance
MPRegen 0.15/turn                l - +6 ring of strength

@: very slow
A: reduced essence, permanent stasis, dig shafts and tunnels, antennae 3, four
strong arms
a: Dig, Shaft Self, Renounce Religion, Recall Ancestor, Ancestor Identity,
Transference, Idealise


You were on level 3 of the Swamp.
You worshipped Hepliaklqana.
Hepliaklqana was exalted by your worship.
You visited 5 branches of the dungeon, and saw 24 of its levels.
You also visited: Gauntlet.

You collected 2673 gold pieces.
You spent 322 gold pieces at shops.

Inventory:

Hand Weapons
 e - the +5 battleaxe "Ysoerasm" {holy, rPois Will+ Int-4 Dex+2}
   (You found it in a Gauntlet)

   Int:       It affects your intelligence (-4).
   Dex:       It affects your dexterity (+2).
   rPois:     It protects you from poison.
   Will:      It increases your willpower.
 i - the +5 consecrated labrys {holy, Valiant Fragile Fly SInv}
   (You took it off a minotaur in a Gauntlet)

   Valiant:   It becomes more powerful as more dangerous foes come into view.
   SInv:      It lets you see invisible.
   Fly:       It grants you flight.
   Fragile:   It will be destroyed if unequipped.
 j - the +6 longbow of the Inferno {speed, Str+8}
   (You took it off a minotaur in a Gauntlet)

   Str:       It affects your strength (+8).
 q - the +6 hand crossbow "Aseeli Fiyse" (weapon) {penet, Fragile rElec rN+}
   (You acquired it on level 2 of the Dungeon)

   rElec:     It insulates you from electricity.
   rN:        It protects you from negative energy.
   Fragile:   It will be destroyed if unequipped.
 K - a +5 giant spiked club of freezing
Armour
 o - the +3 Mad Mage's Maulers (worn) {Infuse+∞ VampMP -Cast}
   (You acquired it on level 2 of the Dungeon)

   Infuse+∞: It empowers its wearer's blows with all of their magic.
   VampMP:    Blows struck in melee replenish the wearer's magic.
   -Cast:     It prevents spellcasting.
 s - the +9 plate armour "Xeniv Bonyc" (worn) {Will+ Str+4 Dex+3}
   (You acquired it on level 2 of the Dungeon)

   Str:       It affects your strength (+4).
   Dex:       It affects your dexterity (+3).
   Will:      It increases your willpower.
 z - a scarf of harm (worn)
 C - a +2 pair of boots of fire resistance (worn)
 J - +0 shadow dragon scales
 O - a +3 buckler of resistance (worn)
Jewellery
 a - an amulet of reflection (around neck)
 c - a ring of poison resistance (left hand)
 f - a ring of protection from cold
 l - a +6 ring of strength (right hand)
 m - a ring of protection from cold
 r - a +4 ring of protection
 v - a +4 ring of protection
 y - an amulet of magic regeneration
 B - a ring of willpower
 D - a ring of protection from cold
 P - a ring of protection from fire
 R - a +4 ring of slaying
 W - a ring of ice
 Z - a +4 ring of slaying
Wands
 n - a wand of digging (15)
 w - a wand of mindburst (46)
 A - a wand of roots (10)
 H - a wand of quicksilver (2)
 L - a wand of flame (30)
 V - a wand of paralysis (16)
Scrolls
 b - 4 scrolls of immolation
 g - 4 scrolls of amnesia
 p - 4 scrolls of enchant armour
 t - 5 scrolls of identify
 u - a scroll of brand weapon
 E - 4 scrolls of magic mapping
 N - 2 scrolls of fear
 U - 3 scrolls of fog
Potions
 d - 2 potions of mutation {unknown}
 h - 13 potions of curing
 x - 11 potions of ambrosia
 F - 5 potions of brilliance
 G - 3 potions of resistance
 I - 2 potions of magic {unknown}
 M - 4 potions of might {unknown}
 Q - a potion of invisibility {unknown}
 S - a potion of heal wounds
 T - 5 potions of flight
 X - 2 potions of cancellation {unknown}
 Y - 3 potions of haste {unknown}
Miscellaneous
 k - a lightning rod (4/4)


   Skills:
 + Level 15.8 Fighting
 * Level 16.8 Ranged Weapons
 * Level 17.3 Armour
 + Level 2.0 Dodging
 - Level 7.2 Stealth
 + Level 16.7 Shields


You had 16 spell levels left.
You didn't know any spells.
Your spell library contained the following spells:

 Spells                   Type           Power      Damage    Failure   Level
 Kiss of Death            Conj/Necr      0%         2d5       93%         1
 Sandblast                Erth           0%         2d4       93%         1
 Slow                     Hex            0%         N/A       93%         1
 Sting                    Tmut/Pois      0%         1d3       93%         1
 Cigotuvi's Dreadful Rot  Necr/Pois/Air  0%         N/A       98%         2
 Passwall                 Tmut/Erth      0%         N/A       98%         2
 Poisonous Vapours        Pois/Air       0%         N/A       98%         2
 Static Discharge         Conj/Air       0%         2-2/arc   98%         2
 Confusing Touch          Hex            0%         N/A       100%        3
 Dazzling Flash           Conj/Hex       0%         N/A       100%        3
 Inner Flame              Hex/Fire       0%         N/A       100%        3
 Ozocubu's Armour         Ice            0%         N/A       100%        3
 Tukima's Dance           Hex            0%         N/A       100%        3
 Vampiric Draining        Necr           0%         2d6       100%        3
 Vhi's Electric Charge    Tloc/Air       0%         N/A       100%        3
 Dispel Undead            Necr           0%         3d6       100%        4
 Flame Wave               Conj/Fire      0%         2d4       100%        4
 Iskenderun's Mystic Bla  Conj/Tloc      0%         2d3       100%        4
 Leda's Liquefaction      Hex/Erth       0%         N/A       100%        4
 Manifold Assault         Tloc           0%         N/A       100%        4
 Olgreb's Toxic Radiance  Pois           0%         N/A       100%        4
 Passage of Golubria      Tloc           0%         N/A       100%        4
 Petrify                  Tmut/Erth      0%         N/A       100%        4
 Sticky Flame             Conj/Fire      0%         2d3       100%        4
 Summon Ice Beast         Ice/Summ       0%         N/A       100%        4
 Arcjolt                  Conj/Air       0%         1d10      100%        5
 Blade Hands              Tmut           0%         N/A       100%        5
 Lightning Bolt           Conj/Air       0%         1d11      100%        5
 Summon Mana Viper        Hex/Summ       0%         N/A       100%        5
 Yara's Violent Unravell  Hex/Tmut       0%         3d3       100%        5
 Death Channel            Necr           0%         N/A       100%        6
 Iron Shot                Conj/Erth      0%         9d1       100%        6
 Starburst                Conj/Fire      0%         6d3       100%        6
 Statue Form              Tmut/Erth      0%         N/A       100%        6
 Monstrous Menagerie      Summ           0%         N/A       100%        7
 Ozocubu's Refrigeration  Ice            0%         4d7       100%        7
 Storm Form               Tmut/Air       0%         N/A       100%        7
 Borgnjor's Revivificati  Necr           0%         N/A       100%        8
 Necromutation            Tmut/Necr      0%         N/A       100%        8
 Death's Door             Necr           0%         N/A       100%        9
 Blink                    Tloc           Unusable   N/A       N/A         2

Dungeon Overview and Level Annotations

Branches:
Dungeon (13/15)            Temple (1/1) D:4            Lair (5/5) D:11
  Swamp (3/4) Lair:2        Snake (0/4) Lair:3        Slime (0/5) Lair:4
    Orc (2/2) D:11            Elf (0/3) Orc:2        Vaults (0/5) D:13
Gauntlet (visited)

Altars:
Ashenzari
Cheibriados
Dithmenos
Elyvilon
Fedhas
Gozag
Hepliaklqana
Kikubaaqudgha
Makhleb
Nemelex Xobeh
Okawaru
Qazlal
Ru
Sif Muna
Trog
Uskayaw
Vehumet
Wu Jian
Xom
Yredelemnul
Zin
The Shining One
Jiyva

Shops:
D:2 ?   D:9 *   D:13 (   Orc:1 :   Orc:2 ([[(


Innate Abilities, Weirdness & Mutations

Your life essence is reduced to manifest your ancestor. (-10% HP)
You cannot be hasted, slowed, berserked, paralysed or teleported.
You can dig through walls and to a lower floor.
You have a pair of large antennae on your head. (SInv)
Your four strong arms can wield two-handed weapons with a shield.


Message History

The bolt pierces through the spriggan rider!!
You kill the spriggan rider!
You kill the hornet!
You hear a splash. x2
The bolt misses the spriggan berserker.
The spriggan air mage points at you and mumbles some strange words.
The bolt of lightning misses you.
The mangrove smoulders and burns.
You block the spriggan berserker's attack.
The spriggan rider hits you from afar with a +0 spear!
The spriggan air mage barely misses you.
The swamp worm fires a harpoon shot at you.
The harpoon shot reflects off an invisible shield around you!
The harpoon shot hits the swamp worm!
The spriggan rider hits you from afar with a +0 spear.
The spriggan air mage waves its arms in wide circles.
The air twists around and strikes you.
The spriggan berserker hits you but does no damage.
Fire: q) +6 hand crossbow "Aseeli Fiyse" {penet, Fragile rElec rN+}
Press: ? - help, Shift-Dir - straight line, f - spriggan air mage
Aim: a spriggan air mage, wearing a +0 robe (severely wounded, repelling missiles, 9% to hit)
You shoot a bolt.
The bolt pierces through the spriggan berserker!!
The spriggan berserker is moderately wounded.
The bolt misses the spriggan air mage.
The swamp worm fires a harpoon shot at you.
The harpoon shot hits you but does no damage.
The spriggan berserker hits you with a +0 hand axe.
You block the spriggan rider's attack.
Ingiyab is recalled.
The spriggan berserker hits you but does no damage.
The spriggan air mage waves its arms in wide circles.
The air twists around and strikes you!
* * * LOW HITPOINT WARNING * * *
The spriggan rider hits you but does no damage.
The spriggan berserker hits you with a +0 hand axe!
* * * LOW HITPOINT WARNING * * *
Ingiyab hits the spriggan air mage with a +0 broad axe of flaming!
Ingiyab burns the spriggan air mage.
Ingiyab hits the swamp worm with a +0 broad axe of flaming!
Ingiyab burns the swamp worm.
The swamp worm bites you!
You die...

~~. ♣♣....§.~~~~ ~~.
♣~.~~.♣..~~ ~ ♣♣.
♣♣..~~....~♣♣ ~~ ♣♣..
♣....~~.~~.~♣♣... ♣♣~.~
♣..[....~~...(..~ ...~~
♣♣~~~~..~~~...~~~~ ~~~~~
♣.~.~..~~~i..~~~.. ~~~.~
♣~.~~~~~@ii§~~~.. ~~).~
♣♣~§~~~.Rw~..~..~ ~...†
.♣♣.~~~~~.~§~♣♣♣.~~ ~~.†~
~.♣.~~~~~♣♣☼♣♣ ~~~ §~..§
..~~.~~~.♣♣§♣ ~~ .~~~>.
.♣.~~~~.♣♣♣♣♣ ♣~♣♣♣~~~.~~
♣~~~~~.~~..♣♣♣♣~~♣~♣♣~♣.~
♣♣~~~...♣~~...~..♣..♣...~
♣.♣♣........~~~~.....§~..


You could see the friendly Ingiyab the knight, a spriggan rider, a spriggan
berserker (berserk), a spriggan air mage (repels missiles, distracted, ally
target) and a swamp worm.

Vanquished Creatures
  Jorgrun (Swamp:3)
  A thorn hunter (Swamp:2)
  Roxanne (Swamp:3)
  Louise (Swamp:3)
  Nessos (D:13)
  2 eleionomae
  A minotaur (Gauntlet)
  A fire dragon (Lair:5)
  4 vault guards (D:13)
  A shambling mangrove (Swamp:2)
  The ghost of Runaock the Devastator, a journeyman DECj of Sif Muna (Orc:1)
  5 hydras
  8 two-headed ogres
  A catoblepas (Lair:5)
  A centaur warrior (D:13)
  A tengu warrior (D:13)
  3 boulder beetles
  5 death yaks
  5 alligators
  A death scarab (Gauntlet)
  An orc high priest (Orc:2)
  Urug (Lair:2)
  A goliath frog (Swamp:3)
  A death drake (Swamp:2)
  A spriggan druid (Swamp:3)
  4 swamp dragons
  2 bog bodies
  An oklob plant (Lair:4)
  An orc knight (Orc:1)
  7 orc sorcerers
  2 will-o-the-wisps
  3 cyclopes
  3 manticores
  4 elephants
  3 slime creatures
  Joseph (D:8)
  2 torpor snails (Lair:5)
  5 black mambas
  A gargoyle (D:11)
  5 cane toads
  An unseen horror (D:13)
  5 komodo dragons
  4 rime drakes (Lair:5)
  4 trolls
  7 tyrant leeches
  2 bloated husks (Swamp:2)
  A polar bear (Lair:3)
  9 hornets
  5 dream sheep (Lair:5)
  4 blink frogs (Lair:1)
  The ghost of purpskrrrp the Gusty, an amateur OpAE (D:4)
  7 spriggans
  A wraith (D:9)
  46 yaks
  2 shadows
  6 wyverns
  A water elemental (D:11)
  A fire elemental (Gauntlet)
  3 basilisks
  7 humans (D:13)
  3 vampire mosquitoes (D:13)
  2 steam dragons (Lair:5)
  4 swamp worms
  3 wargs
  2 acid dragons
  9 water moccasins
  2 hell hounds (Gauntlet)
  Duvessa (D:5)
  25 orc warriors
  A black bear (Lair:1)
  8 ogres
  21 wolves
  10 centaurs
  Blork the orc (D:4)
  10 bullfrogs
  6 gnoll sergeants
  3 scorpions
  4 necrophages
  Dowan (D:5)
  4 wights
  16 killer bees (Lair:2)
  10 electric eels
  5 howler monkeys
  A crimson imp (D:7)
  A gnoll bouda (D:6)
  19 orc priests
  4 hounds
  A jelly (D:6)
  8 iguanas
  33 orc wizards
  A hell rat (Lair:5)
  34 gnolls
  12 adders
  A shadow imp (D:6)
  5 white imps
  An ufetubus (D:5)
  3 worms (D:4)
  A dart slug (D:4)
  65 orcs
  3 bats
  8 endoplasms
  3 giant cockroaches
  7 hobgoblins
  7 jackals
  9 kobolds
  5 quokkas
  8 ball pythons
  2 frilled lizards
  4 goblins
  3 rats
611 creatures vanquished.

Vanquished Creatures (collateral kills)
  Gastronok (Lair:2)
  2 bunyips
  A dire elephant (Lair:5)
  Snorg (D:13)
  A shambling mangrove (Swamp:2)
  3 hydras
  A ghost crab (Swamp:1)
  3 alligators
  A boulder beetle (Lair:5)
  3 death yaks (Lair:1)
  An orc high priest (Orc:2)
  A swamp dragon (Swamp:1)
  A lindwurm (Lair:5)
  A necromancer (Gauntlet)
  An orc knight (Orc:1)
  A deep elf pyromancer (D:13)
  An ugly thing (D:11)
  A cyclops (Orc:2)
  2 manticores
  An elephant (Lair:5)
  A black mamba (Lair:5)
  An efreet (Gauntlet)
  A rime drake (Lair:5)
  Psyche (D:8)
  3 komodo dragons
  A queen bee (Lair:2)
  4 blink frogs (Lair:1)
  A polar bear (Lair:2)
  3 hornets
  4 dream sheep (Lair:5)
  2 tyrant leeches
  2 slime creatures (D:13)
  2 wyverns
  A spectral komodo dragon (Gauntlet)
  22 yaks
  2 basilisks
  A steam dragon (Lair:4)
  2 fire elementals (Gauntlet)
  A vampire mosquito (D:13)
  A swamp worm (Swamp:2)
  An acid dragon (D:9)
  A water moccasin (D:8)
  2 ice beasts
  5 orc warriors
  A sky beast (D:7)
  2 centaurs
  An ogre (Orc:2)
  A wolf (Gauntlet)
  2 kobold brigands
  A wight (D:9)
  8 killer bees (Lair:2)
  5 orc priests
  5 orc wizards
  2 gnolls
  A white imp (D:7)
  25 orcs
  3 kobolds (D:10)
150 creatures vanquished.

Vanquished Creatures (others)
  A wizard (D:8)
  A hornet (Swamp:2)
  A spriggan (Swamp:1)
  A human (D:13)
  6 knights
  An ancestor (D:6)
  3 bushes (Lair:5)
  2 foxfires (Swamp:3)
  14 fungi
  32 plants
  22 withered plants (Gauntlet)
84 creatures vanquished.

Grand Total: 845 creatures vanquished

Notes
Turn   | Place    | Note
-------+----------+-------------------------------------------
     0 | D:1      | purpskrrrp the Formicid Hunter began the quest for the Orb.
     0 | D:1      | Reached XP level 1. HP: 16/16 MP: 1/1
    64 | D:1      | Reached XP level 2. HP: 21/23 MP: 2/2
   514 | D:1      | Reached XP level 3. HP: 28/28 MP: 3/3
   855 | D:2      | Found Doddoiw's Magic Scroll Shoppe.
   950 | D:2      | Noticed a necrophage
   960 | D:2      | Killed a necrophage
   961 | D:2      | Reached XP level 4. HP: 19/35 MP: 4/4
  1148 | D:2      | Reached skill level 5 in Ranged Weapons
  1151 | D:2      | Reached XP level 5. HP: 40/41 MP: 5/5
  1471 | D:2      | Identified 4 scrolls of acquirement
  1471 | D:2      | Acquired the +6 hand crossbow "Aseeli Fiyse" {penet,
                  | Fragile rElec rN+}
  1473 | D:2      | Acquired the amulet of Heresy {Faith rF+ Dex+2 SInv}
  1482 | D:2      | Acquired the +9 plate armour "Xeniv Bonyc" {Will+ Str+4
                  | Dex+3}
  1493 | D:2      | Acquired the +3 Mad Mage's Maulers {Infuse+∞ VampMP -Cast}
  1493 | D:2      | Found the +3 Mad Mage's Maulers {Infuse+∞ VampMP -Cast}
  1560 | D:3      | Found a faded altar of an unknown god.
  1681 | D:3      | Reached skill level 1 in Armour
  1687 | D:3      | Reached XP level 6. HP: 42/47 MP: 6/6
  1710 | D:3      | Identified the +3 short sword of the Manifold Quests
                  | {flame, rElec Int+5}
  1722 | D:3      | Reached skill level 2 in Armour
  1845 | D:3      | Found an iron altar of Okawaru.
  1911 | D:3      | Identified the +2 robe of Binutifa {rPois Dex+5}
  2284 | D:4      | Reached XP level 7. HP: 53/53 MP: 7/7
  2311 | D:4      | Found a runed translucent door.
  2312 | D:4      | Found a staircase to the Ecumenical Temple.
  2321 | Temple   | Entered the Ecumenical Temple
  2357 | Temple   | Became a worshipper of Hepliaklqana the Forgotten
  2654 | D:4      | Noticed purpskrrrp's ghost (amateur OpAE)
  2826 | D:4      | Noticed Blork the orc
  2830 | D:4      | Killed Blork the orc
  2831 | D:4      | Reached skill level 3 in Armour
  3093 | D:4      | Killed purpskrrrp's ghost
  3094 | D:4      | Reached skill level 5 in Fighting
  3094 | D:4      | Reached skill level 4 in Armour
  3094 | D:4      | Reached XP level 8. HP: 60/62 MP: 8/8
  3163 | D:5      | Entered Level 5 of the Dungeon
  3164 | D:5      | Noticed a two-headed ogre
  3169 | D:5      | Reached skill level 5 in Stealth
  3170 | D:5      | Killed a two-headed ogre
  3171 | D:5      | Reached skill level 5 in Armour
  3171 | D:5      | Reached XP level 9. HP: 58/71 MP: 9/9
  3382 | D:5      | Noticed Duvessa
  3386 | D:5      | Killed Duvessa
  3387 | D:5      | Reached skill level 6 in Armour
  3387 | D:5      | Reached * piety under Hepliaklqana
  3395 | D:5      | Noticed Dowan
  3398 | D:5      | Killed Dowan
  3863 | D:6      | Reached ** piety under Hepliaklqana
  3920 | D:6      | Noticed a two-headed ogre
  3932 | D:6      | Killed a two-headed ogre
  3933 | D:6      | Reached skill level 7 in Armour
  4133 | D:6      | Found an opulent altar of Gozag.
  4148 | D:6      | Found a broken altar of Ashenzari.
  4195 | D:6      | Reached XP level 10. HP: 72/72 MP: 10/10
  4212 | D:6      | Found a white marble altar of Elyvilon.
  4212 | D:6      | Found an ancient bone altar of Kikubaaqudgha.
  4218 | D:6      | Found a blossoming altar of Fedhas.
  4218 | D:6      | Found a burning altar of Makhleb.
  4285 | D:6      | Remembered your ancestor Ingiyab as a knight
  4438 | D:6      | Reached skill level 1 in Shields
  4714 | D:6      | Reached skill level 8 in Armour
  5348 | D:8      | Reached *** piety under Hepliaklqana
  5380 | D:8      | Noticed Psyche
  5383 | D:8      | Killed Psyche
  5384 | D:8      | Reached skill level 5 in Shields
  5389 | D:8      | Reached skill level 9 in Armour
  5394 | D:8      | Reached XP level 11. HP: 48/80 MP: 11/11
  5396 | D:8      | Reached skill level 10 in Ranged Weapons
  5589 | D:8      | Found a bloodstained altar of Trog.
  5763 | D:8      | Noticed Joseph
  5772 | D:8      | Killed Joseph
  6026 | D:8      | Noticed a wizard
  6031 | D:8      | Killed a wizard
  6074 | D:8      | Reached skill level 10 in Fighting
  6649 | D:9      | Noticed a manticore
  6653 | D:9      | Killed a manticore
  6708 | D:9      | Reached skill level 10 in Armour
  6849 | D:9      | Found a stormy altar of Qazlal.
  6950 | D:9      | Noticed a cyclops
  6955 | D:9      | Killed a cyclops
  7117 | D:9      | Reached **** piety under Hepliaklqana
  7316 | D:9      | Found Ysacrel's Fire Supplies.
  7325 | D:9      | Bought a +2 pair of boots of fire resistance for 322 gold
                  | pieces
  7660 | D:10     | Entered Level 10 of the Dungeon
  7699 | D:10     | Noticed a two-headed ogre
  7704 | D:10     | Killed a two-headed ogre
  7861 | D:10     | Noticed a two-headed ogre
  7864 | D:10     | Killed a two-headed ogre
  7865 | D:10     | Reached XP level 12. HP: 90/90 MP: 12/12
  7956 | D:10     | Reached skill level 11 in Armour
  8161 | D:11     | Reached skill level 10 in Shields
  8237 | D:11     | Reached ***** piety under Hepliaklqana
  8363 | D:11     | Found a staircase to the Lair.
  8577 | D:11     | Found a staircase to the Orcish Mines.
  8818 | D:12     | Noticed a two-headed ogre
  8822 | D:12     | Killed a two-headed ogre
  8830 | D:12     | Noticed a boulder beetle
  8837 | D:12     | Killed a boulder beetle
  8838 | D:12     | Reached skill level 12 in Armour
  8838 | D:12     | Reached XP level 13. HP: 81/98 MP: 13/13
  9276 | D:13     | Noticed a five-headed hydra
  9276 | D:13     | Noticed Nessos
  9279 | D:13     | Killed a five-headed hydra
  9286 | D:13     | Killed Nessos
  9298 | D:13     | Noticed Snorg
  9303 | D:13     | Killed Snorg
  9317 | D:13     | Found a gate leading to a gauntlet.
  9326 | Gauntlet | Entered a Gauntlet
  9326 | Gauntlet | Found a transporter.
  9363 | Gauntlet | Found a transporter.
  9368 | Gauntlet | Found a transporter.
  9373 | Gauntlet | Found a transporter.
  9388 | Gauntlet | Found a transporter.
  9407 | Gauntlet | Found a transporter.
  9419 | Gauntlet | Found a transporter.
  9431 | Gauntlet | Found a transporter.
  9443 | Gauntlet | Found a transporter.
  9455 | Gauntlet | Found a transporter.
  9490 | Gauntlet | Found a transporter.
  9490 | Gauntlet | Found a transporter.
  9510 | Gauntlet | Found a transporter.
  9532 | Gauntlet | Found a transporter.
  9590 | Gauntlet | Found a transporter.
  9610 | Gauntlet | Found a transporter.
  9637 | Gauntlet | Found a transporter.
  9661 | Gauntlet | Found a transporter.
  9727 | Gauntlet | Identified the +5 battleaxe "Ysoerasm" {holy, rPois Will+
                  | Int-4 Dex+2}
  9865 | Gauntlet | Identified the +4 pair of boots of Siqit {Int+2}
  9898 | Gauntlet | Identified the +6 longbow of the Inferno {speed, Str+8}
  9898 | Gauntlet | Identified the +1 chain mail of the Chupacabra {rC+ Regen+
                  | rCorr}
  9898 | Gauntlet | Noticed a minotaur
  9904 | Gauntlet | Killed a minotaur
  9905 | Gauntlet | Reached skill level 13 in Armour
  9937 | Gauntlet | Identified the +6 spear "Killer Bee's Peril" {heavy, Int-3
                  | SInv Stlth+}
 10225 | D:13     | Found Wadar's Antique Weapon Emporium.
 10229 | D:13     | Noticed a centaur warrior
 10232 | D:13     | Killed a centaur warrior
 10247 | D:13     | Noticed a vault guard
 10248 | D:13     | Noticed a vault guard
 10249 | D:13     | Killed a vault guard
 10250 | D:13     | Noticed a vault guard
 10251 | D:13     | Noticed a vault guard
 10252 | D:13     | Killed a vault guard
 10253 | D:13     | Killed a vault guard
 10255 | D:13     | Killed a vault guard
 10256 | D:13     | Reached XP level 14. HP: 105/107 MP: 14/14
 10299 | D:13     | Found a gate to the Vaults.
 10478 | Lair:1   | Entered Level 1 of the Lair of Beasts
 10961 | Lair:1   | Reached skill level 14 in Armour
 11428 | Lair:2   | Found a staircase to the Swamp.
 11520 | Lair:2   | Noticed Urug
 11523 | Lair:2   | Killed Urug
 11611 | Lair:2   | Noticed Gastronok
 11616 | Lair:2   | Killed Gastronok
 12400 | Lair:3   | Found a staircase to the Snake Pit.
 12976 | Lair:4   | Identified the +2 great mace of Hentaneffi {freeze, rElec
                  | rN+ Str-5}
 13001 | Lair:4   | You fall into a shaft and drop 1 floor!
 13001 | Lair:5   | Entered Level 5 of the Lair of Beasts
 13010 | Lair:5   | Reached XP level 15. HP: 114/114 MP: 15/15
 13172 | Lair:4   | Found a viscous altar of Jiyva.
 13175 | Lair:4   | Found a staircase to the Slime Pits.
 13225 | Lair:4   | Reached skill level 15 in Shields
 13781 | Lair:4   | Got the Annotations on the Switch
 14254 | Lair:5   | Reached skill level 15 in Armour
 14488 | Lair:5   | Reached skill level 15 in Ranged Weapons
 15311 | Orc:1    | Entered Level 1 of the Orcish Mines
 15313 | Orc:1    | Reached skill level 15 in Fighting
 15392 | Orc:1    | Found Alunaheu's Vocational Training.
 15523 | Orc:1    | Reached ****** piety under Hepliaklqana
 15670 | Orc:1    | Found a runed translucent door.
 15670 | Orc:1    | Noticed Runaock's ghost (journeyman DECj)
 15941 | Orc:1    | Killed Runaock's ghost
 15983 | Orc:2    | Entered Level 2 of the Orcish Mines
 15991 | Orc:2    | Reached skill level 16 in Armour
 16014 | Orc:2    | Reached XP level 16. HP: 74/122 MP: 16/16
 16166 | Orc:2    | Found a staircase to the Elven Halls.
 16420 | Orc:2    | Found Ugedoq's Antique Armour Emporium.
 16420 | Orc:2    | Found Citomn's Antique Weapon Shoppe.
 16421 | Orc:2    | Found Hez Yth's Armour Shoppe.
 16428 | Orc:2    | Found Jesesin's Antique Weapon Emporium.
 16833 | Swamp:1  | Entered Level 1 of the Swamp
 16919 | Swamp:1  | HP: 5/122 [bog body] (2)]
 17707 | Swamp:2  | Noticed a thorn hunter
 17714 | Swamp:2  | Killed a thorn hunter
 17751 | Swamp:2  | Reached skill level 17 in Armour
 18394 | Swamp:3  | Identified the +0 tower shield of Ignis's Felicitations
                  | {*Slow Dex+4 Slay+3}
 18394 | Swamp:3  | Noticed Louise
 18399 | Swamp:3  | Noticed Jorgrun
 18402 | Swamp:3  | Killed Louise
 18405 | Swamp:3  | Killed Jorgrun
 18526 | Swamp:3  | Identified Roxanne's Papyrus of the Mantle
 18526 | Swamp:3  | Noticed Roxanne
 18551 | Swamp:3  | Killed Roxanne
 18552 | Swamp:3  | Reached XP level 17. HP: 86/129 MP: 17/17
 18744 | Swamp:3  | Slain by a swamp worm

Illustrated notes

Levels and vault maps discovered:
D:1:      dpeg_arrival_boxes_within_box, layout_basic
D:2:      layout_loops_ring, serial_shops, shop, nicolae_kite_square_tiling_tiny
D:3:      layout_rooms, okawaru_metal_pillars_3, ebering_ecumenical_altar_rust
D:4:      layout_basic, minmay_temple_entry_overgrown, ebering_ghost_sewer_d,
          minmay_manual_monstrance, uniq_blork_the_orc
D:5:      layout_basic, uniq_duvessa
D:6:      layout_gridville, mainiacjoe_overflow_tiny_flanked,
          grunt_temple_overflow_open, cheibrodos_ashenzari_chains, minivault_5,
          minmay_pentangle
D:7:      layout_cave_pools, minmay_fire_ice_demons
D:8:      layout_basic, trog_wizard, chequers_serial_rivers_marsh, uniq_psyche,
          uniq_joseph
D:9:      minmay_ornate_pinched, layout_basic, general_overflow_altar,
          roderic_serpentine_path, nicolae_shop_fire_sale
          [nicolae_sub_dead_trees], minmay_crystal_water, grunt_ministairs_1
D:10:     layout_cave_pools, dk_noncrumbling_3
D:11:     layout_cave_pools, lair_entry_dummy, erik_orc_2
D:12:     layout_rooms, minivault_10
D:13:     layout_big_octagon, ximxim_vaults_locker_room, gauntlet_entry_generic,
          serial_shops, shop, kennysheep_doodads, uniq_snorg, uniq_nessos
Temple:   oiseaux_autumnal_temple
Lair:1:   layout_regular_city
Lair:2:   layout_roguey, minmay_swamp_entry_worms, special_room
          [special_room_bee], grunt_megastairs_3, uniq_gastronok, uniq_urug
Lair:3:   layout_gridlike, dummy_snake_entry
Lair:4:   layout_regular_city, slime_entry_1, minmay_lair_oklob_items
Lair:5:   hangedman_lair_in_review, layout_misc_corridors,
          guppyfry_lair_end_dragon, grunt_forest_large_clearing_hut,
          lemuel_fruit_fields
Swamp:1:  layout_basic_swamp, hangedman_swamp_cone, swamp_pool1
Swamp:2:  layout_falls_marsh, evilmike_swamp_ruin_house_5, swamp_pool3,
          nicolae_swamp_feature_on_the_river_bank
Swamp:3:  gammafunk_mikee_crab_dinner, layout_basic_swamp,
          nicolae_swamp_treefoil, swamp_pool2, infiniplex_staircase_pool_2,
          uniq_roxanne, uniq_louise, uniq_jorgrun
Orc:1:    layout_caves, hellmonk_ghost_happy_afterlife, nicolae_shop_vocational
Orc:2:    st_orc_mages, layout_caves

Skill      XL: |  1  2  3  4  5  6  7  8  9 10 11 12 13 14 15 16 17 |
---------------+----------------------------------------------------+-----
Stealth        | 2 3 4 5 7 |  7.2
Fighting       | 3 5 6 8 9 11 12 13 14 15 | 15.8
Ranged Weapons | 5 6 7 8 9 11 12 13 14 15 16 | 16.8
Armour         | 1 2 4 5 7 9 10 12 13 14 16 17 | 17.3
Shields        | 5 9 11 13 14 15 16 | 16.7
Dodging        | 2 |  2.0

Action                     |  1- 3 |  4- 6 |  7- 9 | 10-12 | 13-15 | 16-18 || total
---------------------------+-------+-------+-------+-------+-------+-------++-------
   Fire: Shortbow          |    55 |    29 |       |       |       |       ||    84
         Hand crossbow     |       |    55 |    99 |   352 |   579 |   281 ||  1366
 Invoke: Ancestor Life: Kn |       |       |       |     1 |       |       ||     1
         Recall Ancestor   |       |       |       |       |       |     1 ||     1
    Use: Scroll            |     1 |     4 |       |    24 |     7 |       ||    36
         Potion            |       |       |       |       |       |     2 ||     2
 Armour: Leather armour    |     7 |     2 |       |       |       |       ||     9
         Plate armour      |       |    29 |    26 |    86 |   174 |    64 ||   379
  Dodge: Dodged            |    15 |    26 |    21 |    50 |    88 |    29 ||   229
  Block: Buckler           |       |       |       |    66 |   305 |    69 ||   440
         Reflection        |       |       |       |     6 |    13 |     5 ||    24

Table legend: (Time is in decaauts)
 A = Elapsed time spent in this place.
 B = Non-inter-level travel time spent in this place.
 C = Inter-level travel time spent in this place.
 D = Time resting spent in this place.
 E = Time spent auto-exploring this place.
 F = Levels seen in this place.
 G = Mean time per level.
                   A        B        C        D        E       F      G
               +--------+--------+--------+--------+--------+-----+--------+
         Total |  19752 |  18405 |   1347 |    572 |  14033 |  25 |  790.1 |
       Dungeon |  10397 |   9608 |    789 |    189 |   7507 |  13 |  799.8 |
        Temple |    298 |    268 |     30 |      0 |    222 |   1 |  298.0 |
          Lair |   4867 |   4468 |    399 |      0 |   3577 |   5 |  973.4 |
         Swamp |   2080 |   2014 |     66 |    344 |   1276 |   3 |  693.3 |
  Orcish Mines |   1473 |   1411 |     62 |     39 |   1052 |   2 |  736.5 |
      Gauntlet |    635 |    635 |      0 |      0 |    397 |   1 |  635.0 |
               +--------+--------+--------+--------+--------+-----+--------+

Top non-repeatable levels by time:
     D:8: 1303 daAuts
     D:6: 1262 daAuts
  Lair:5: 1254 daAuts
     D:9: 1174 daAuts
  Lair:2: 1090 daAuts
  Lair:1: 1084 daAuts
     D:4: 928 daAuts
     D:1: 852 daAuts
 Swamp:2: 851 daAuts
 Swamp:1: 831 daAuts
    D:11: 814 daAuts
  Lair:4: 787 daAuts
   Orc:2: 745 daAuts
   Orc:1: 727 daAuts
     D:2: 699 daAuts
